 Dungeon Sprint DCSS version 0.29-a0-187-ga23d9638d5 (webtiles) character file.

Game seed: 4287977196002010881

1057 cyrus the Protected (level 8, -2/74 HPs)
             Began as a Formicid Fighter on Feb 21, 2022.
             Shot with an arrow by a centaur warrior (20 damage)
             ... in the Dungeon (Sprint II: "The Violet Keep of Menkaure").
             The game lasted 00:04:24 (1431 turns).

cyrus the Protected (Formicid Fighter)              Turns: 1431, Time: 00:04:25

Health: -2/74      AC:  0    Str: 21    XL:     8   Next: 51%
Magic:  0/8        EV: 14    Int: 10    God:
Gold:   243        SH:  0    Dex: 10    Spells: 7/7 levels left

rFire   . . .      SeeInvis .   (weapon currently unavailable)
rCold   . . .      Faith    .   (shield currently unavailable)
rNeg    . . .      Spirit   .   (body armour currently unavailable)
rPois   .          Reflect  .   (helmet unavailable)
rElec   .          Harm     .   (cloak currently unavailable)
rCorr   .          Rampage  .   (gloves currently unavailable)
Will    .....                   (boots currently unavailable)
Stlth   +.........              (no amulet)
HPRegen 0.22/turn               (ring currently unavailable)
MPRegen 0.11/turn               (ring currently unavailable)

@: pig-form, very quick
A: fast, no casting, permanent stasis, dig shafts and tunnels, small, (antennae
3), four strong arms
a: no special abilities


You were in the Dungeon.
You were a filthy swine.
You visited 1 branch You collected 243 gold pieces.

Inventory:

Hand Weapons
 a - a +0 trident (melded)
Armour
 b - a +0 scale mail (melded)
 c - a +0 buckler (melded)
Potions
 g - 2 potions of magic


   Skills:
 + Level 10.6 Fighting
 + Level 8.1 Polearms
 + Level 11.0 Armour
 + Level 1.7 Dodging
 + Level 0.7 Stealth
 + Level 10.8 Shields


You had 7 spell levels left.
You didn't know any spells.
Your spell library was empty.

Dungeon Overview and Level Annotations

Branches:
Dungeon (1/1)

Altars:

Shops:
D [*::[*!?(!=*?(=

Annotations:
D exclusions: oklob plant and orange crystal statue, Kirke, Roxanne


Innate Abilities, Weirdness & Mutations

You are a filthy swine.
You move quickly.
Your equipment is almost entirely melded.
You are incapable of wielding weapons or throwing items.
You cannot cast spells.
You cannot be hasted, slowed, berserked, paralysed or teleported.
You can dig through walls and to a lower floor.
((You have a pair of large antennae on your head. (SInv)))
Your four strong arms can wield two-handed weapons with a shield.


Message History

There is an entrance to Yjipro's Antique Armour Emporium here.
There is an entrance to Gool Sim's General Store here.
You can't go down here!
You can't go up here!
There is an entrance to Yhi Ada's Book Shoppe here.
There is an entrance to Nocysask's Distillery here.
There is an entrance to Dus Tugu's Jewellery Emporium here.
You open the door.
There is an open door here.
You enter the shallow water.
Moving in this stuff is going to be slow.
A centaur warrior, Kirke and a skeletal warrior come into view.
The skeletal warrior moves out of view.
An elephant and a yaktaur captain come into view.
The elephant trumpets!
The yaktaur captain shouts!
Kirke howls an incantation.
You feel troubled.
You open the gate.
An orange crystal statue comes into view.
The orange crystal statue fixes its piercing gaze on you.
You feel your power leaking away.
Marking area around an orange crystal statue as unsafe for travelling.
Unknown command.
The centaur warrior wields a +0 longbow.
The centaur warrior shoots an arrow.
The arrow hits you.
The orange crystal statue is engulfed in mutagenic fog.
The orange crystal statue fixes its piercing gaze on you.
The centaur warrior shoots an arrow.
The arrow hits you!
Kirke points at you and mumbles some strange words.
You turn into a filthy swine.
Your +0 trident melds into your body.
Your +0 buckler melds into your body.
Your +0 scale mail melds into your body.
The centaur warrior shoots an arrow.
The arrow hits you!!!
Ouch! That really hurt!
* * * LOW HITPOINT WARNING * * *
The orange crystal statue is engulfed in mutagenic fog.
Kirke gestures wildly while chanting.
Kirke summons a sphinx!
The centaur warrior shoots an arrow.
The arrow hits you!!
You die...

####+### ##≈§≈≈§≈§##
##≈§≈≈≈≈≈§§# ##
{+≈§≈§≈8§≈≈§§ {{
...####§§≈≈≈§§≈§# {{{
cz.≈##≈≈≈≈§§≈#
#########≈c#'''#+++##
########≈Y@.....h...#{
......∩#≈≈≈H.##+##..#{{
.....∩.#≈≈≈≈## ##.#
∩...∩.∩#≈≈≈≈#{# #. ..
.∩.∩.∩.#≈≈###


l#l #.. ∩...∩..#≈##.###+# .##.. .∩.∩...#≈#...##.##B{.# . ..⌠....'≈+ #)+.<.+#
.......#≈#...##.##B..# You could see Kirke, a sphinx (summoned), an orange
crystal statue, an elephant and a centaur warrior.

Vanquished Creatures
  A merfolk siren (D)
  A blink frog (D)
  Menkaure (D)
  A water moccasin (D)
  4 necrophages (D)
8 creatures vanquished.

Notes
Turn   | Place    | Note
-------+----------+-------------------------------------------
     0 | D        | cyrus the Formicid Fighter began the quest for the Orb.
     0 | D        | Reached XP level 1. HP: 18/18 MP: 1/1
     3 | D        | Noticed a wyvern
     3 | D        | Noticed a wyvern
     7 | D        | Noticed a necrophage
     7 | D        | Noticed a necrophage
     7 | D        | Noticed a necrophage
     7 | D        | Noticed a necrophage
    14 | D        | Killed a necrophage
    15 | D        | Reached skill level 5 in Fighting
    15 | D        | Reached skill level 6 in Armour
    15 | D        | Reached XP level 2. HP: 20/28 MP: 2/2
    15 | D        | Reached XP level 3. HP: 24/34 MP: 3/3
    15 | D        | Reached XP level 4. HP: 28/40 MP: 4/4
    17 | D        | Killed a necrophage
    18 | D        | Reached skill level 7 in Armour
    18 | D        | Reached XP level 5. HP: 31/48 MP: 5/5
    22 | D        | Killed a necrophage
    23 | D        | Reached skill level 8 in Armour
    23 | D        | Reached XP level 6. HP: 31/56 MP: 6/6
    26 | D        | Killed a necrophage
    27 | D        | Reached skill level 5 in Polearms
    27 | D        | Reached skill level 9 in Armour
   265 | D        | Identified Roxanne's Disquisition on Transmigration
   265 | D        | Noticed Roxanne
   275 | D        | Noticed a merfolk siren
   305 | D        | Killed a merfolk siren
   306 | D        | Reached skill level 10 in Armour
   306 | D        | Reached skill level 1 in Dodging
   306 | D        | Reached skill level 10 in Shields
   306 | D        | Reached XP level 7. HP: 28/65 MP: 7/7
   718 | D        | Noticed a boulder beetle
   718 | D        | Noticed a boulder beetle
   736 | D        | Found Dus Tugu's Jewellery Emporium.
   738 | D        | Found Muru's Antique Weapon Emporium.
   738 | D        | Found Ceeheng's Magic Scroll Shoppe.
   739 | D        | Found Risashoun's Magic Scroll Emporium.
   740 | D        | Noticed a blink frog
   770 | D        | HP: 2/65 [blink frog (4)]
   776 | D        | Killed a blink frog
   777 | D        | Reached skill level 10 in Fighting
   777 | D        | Reached XP level 8. HP: 4/72 MP: 8/8
  1124 | D        | Found Hahys's Jewellery Emporium.
  1124 | D        | Found Nocysask's Distillery.
  1125 | D        | Found Upnowodi's Distillery.
  1125 | D        | Found Neshaube's Assorted Antiques.
  1126 | D        | Found Heteef's General Store.
  1126 | D        | Noticed a hell hog
  1127 | D        | Found Neugejas's Weapon Shoppe.
  1129 | D        | Noticed Menkaure
  1130 | D        | Noticed a fire dragon
  1147 | D        | Killed Menkaure
  1148 | D        | Reached skill level 11 in Armour
  1388 | D        | Found Yjipro's Antique Armour Emporium.
  1388 | D        | Found Yhi Ada's Book Shoppe.
  1388 | D        | Noticed an oklob plant
  1389 | D        | Found Gool Sim's General Store.
  1389 | D        | Found Gayheang's Book Shoppe.
  1389 | D        | Found Moexzet's Antique Armour Emporium.
  1391 | D        | Noticed a hell hog
  1424 | D        | Noticed a centaur warrior
  1424 | D        | Noticed Kirke
  1424 | D        | Noticed a skeletal warrior
  1425 | D        | Noticed an elephant
  1425 | D        | Noticed a yaktaur captain
  1427 | D        | Noticed an orange crystal statue
  1431 | D        | Shot with an arrow by a centaur warrior

Illustrated notes

Levels and vault maps discovered:
D:        the_violet_keep_of_menkaure [sprint2_stairs_cluster_1,
          sprint2_shoproom, sprint2_temple, sprint2_basic_supplies,
          sprint2_obstacle_6, sprint2_obstacle_3, sprint2_obstacle_4,
          sprint2_obstacle_1, sprint2_obstacle_2, sprint2_timed_cluster_1,
          sprint2_smallroom_cluster_1, sprint2_smallroom_final_cluster_1,
          sprint2_transparent_cluster_1, sprint2_second_timed_cluster_1,
          sprint2_sniper_area_1, sprint2_heavy_combat_area_1,
          sprint2_mutation_trap_area_1, sprint2_forest_area_1,
          sprint2_light_combat_area_1, sprint2_behind_water_1,
          sprint2_near_end_vault_1]

Skill      XL: |  1  2  3  4  5  6  7  8 |
---------------+-------------------------+-----
Fighting       | 5 7 9 10 | 10.6
Polearms       | 3 4 6 7 8 |  8.1
Armour         | 6 7 8 10 11 | 11.0
Shields        | 6 7 8 10 | 10.8
Dodging        | 1 |  1.7
Stealth        | |  0.7

Action                   |  1- 3 |  4- 6 |  7- 9 || total
-------------------------+-------+-------+-------++-------
Melee: Trident           |     5 |    33 |    42 ||    80
  Use: Potion            |     1 |       |     2 ||     3
Armor: Scale mail        |     2 |     2 |     5 ||     9
Dodge: Dodged            |     2 |     4 |    12 ||    18
Block: Buckler           |     2 |     3 |     8 ||    13

Table legend: (Time is in decaauts)
 A = Elapsed time spent in this place.
 B = Non-inter-level travel time spent in this place.
 C = Inter-level travel time spent in this place.
 D = Time resting spent in this place.
 E = Time spent auto-exploring this place.
 F = Levels seen in this place.
 G = Mean time per level.
                   A        B        C        D        E       F      G
               +--------+--------+--------+--------+--------+-----+--------+
         Total |   1460 |   1455 |      5 |   1201 |      0 |   1 | 1460.0 |
       Dungeon |   1460 |   1455 |      5 |   1201 |      0 |   1 | 1460.0 |
               +--------+--------+--------+--------+--------+-----+--------+

Top non-repeatable levels by time:
       D: 1460 daAuts
